 Dungeon Crawl Stone Soup version 0.27.1-33-g824d729ab1 (webtiles) character file.

Game seed: 5771777087113779431

46 lordive the Ruffian (level 3, -1/28 HPs)
             Began as a Draconian Transmuter on Dec 27, 2021.
             Slain by a worm (9 damage)
             ... on level 2 of the Dungeon.
             The game lasted 00:01:42 (1832 turns).

lordive the Ruffian (Draconian Transmuter)          Turns: 1832, Time: 00:01:43

Health: -1/28      AC:  5    Str: 18    XL:     3   Next: 44%
Magic:  6/6        EV: 12    Int: 14    God:
Gold:   52         SH:  0    Dex: 11    Spells: 5/6 levels left

rFire    . . .     SeeInvis .     - Unarmed
rCold    . . .     Faith    .   (no shield)
rNeg     + . .     Spirit   .   (armour unavailable)
rPois    .         Reflect  .   (helmet restricted)
rElec    .         Harm     .   (no cloak)
rCorr    .         Rampage  .   (no gloves)
Will     .....                  (no boots)
Stlth    +.........             (no amulet)
HPRegen  0.09/turn              d - +6 ring of strength
MPRegen  0.10/turn              f - ring of positive energy

@: no status effects
A: AC +5, unfitting armour, cold-blooded
a: no special abilities


You were on level 2 of the Dungeon.
You visited 1 branch of the dungeon, and saw 2 of its levels.

You collected 52 gold pieces.

Inventory:

Jewellery
 d - a +6 ring of strength (left hand)
 f - a ring of positive energy (right hand)
Scrolls
 a - a scroll of torment {unknown}
 b - 2 scrolls of identify {unknown}
Potions
 c - a potion of curing {unknown}
 e - a potion of magic {unknown}


   Skills:
 + Level 1.1 Fighting
 + Level 2.0 Dodging
 * Level 4.2 Unarmed Combat
 + Level 2.1 Spellcasting
 * Level 2.2 Transmutations


You had 5 spell levels left.
You knew the following spells:

 Your Spells              Type           Power      Damage    Failure   Level
a - Beastly Appendage     Tmut           14%        N/A       10%         1

Your spell library contained the following spells:

 Spells                   Type           Power      Damage    Failure   Level
 Wereblood                Tmut           7%         N/A       14%         2
 Spider Form              Tmut/Pois      2%         N/A       41%         3
 Portal Projectile        Hex/Tloc       2%         N/A       56%         3
 Ice Form                 Ice/Tmut       4%         N/A       83%         4
 Petrify                  Tmut/Erth      4%         N/A       83%         4
 Blade Hands              Tmut           3%         N/A       95%         5
 Excruciating Wounds      Necr           0%         N/A       100%        5
 Metabolic Englaciation   Hex/Ice        0%         N/A       100%        5
 Statue Form              Tmut/Erth      2%         N/A       100%        6


Dungeon Overview and Level Annotations

Branches:
Dungeon (2/15)

Altars:


Innate Abilities, Weirdness & Mutations

Your plain brown scales are hard. (AC +5)
You cannot fit into any form of body armour.
You are cold-blooded and may be slowed by cold attacks.


Message History

No target in view!
No target in view!
No target in view!
No target in view!
No target in view!
No target in view!
No target in view!
No target in view!
No target in view!
No target in view!
No target in view!
A worm comes into view.
Your horns disappear.
Your talons disappear.
You see here a +0 club.
The worm bites you.
You see here a ring of positive energy.
You hit the worm.
The worm is lightly wounded.
You hit the worm.
The worm is lightly wounded.
The worm bites you!
You hit the worm but do no damage.
The worm is lightly wounded.
You hit the worm.
Your tail-slap misses the worm.
The worm is lightly wounded.
The worm bites you.
You are too injured to fight recklessly!
You are too injured to fight recklessly!
You are too injured to fight recklessly!
You are too injured to fight recklessly!
You barely miss the worm.
The worm is lightly wounded.
The worm bites you.
* * * LOW HITPOINT WARNING * * *
You hit the worm.
The worm is lightly wounded.
You punch the worm!
The worm is heavily wounded.
The worm bites you!
You die...

#.# #.......†..#
#.###.########.#
#.##..# #
#######..).##
.........######
.###..........##
#..).†.......).
###.###..........####
#......=@...######
...#####w#### #.# #.#
#.# #.# #.# ..#


You could see a worm.

Vanquished Creatures
  4 dart slugs
  3 endoplasms (D:1)
  2 giant cockroaches
  5 goblins
  4 hobgoblins
  2 jackals (D:1)
  2 kobolds (D:2)
  3 ball pythons
  6 bats
  3 frilled lizards (D:1)
  A rat (D:1)
35 creatures vanquished.

Notes
Turn   | Place    | Note
-------+----------+-------------------------------------------
     0 | D:1      | lordive the Draconian Transmuter began the quest for the
                  | Orb.
     0 | D:1      | Reached XP level 1. HP: 16/16 MP: 3/3
   475 | D:1      | Reached XP level 2. HP: 22/23 MP: 5/5
   943 | D:1      | Found a faded altar of an unknown god.
  1168 | D:1      | Reached XP level 3. HP: 23/28 MP: 6/6
  1511 | D:2      | Reached skill level 4 in Unarmed Combat
  1832 | D:2      | Slain by a worm

Illustrated notes

Levels and vault maps discovered:
D:1:      kilobyte_arrival_exit_the_forest, layout_basic, serial_curves,
          eino_curves_01, eino_curves_02, eino_curves_04, eino_curves_02,
          ebering_ecumenical_altar_petrified
D:2:      layout_rooms, kennysheep_cross_bottleneck, supply_closet_lemuel,
          uniq_sigmund

Skill      XL: |  1  2  3 |
---------------+----------+-----
Unarmed Combat | 4 |  4.2
Dodging        | 2 |  2.0
Fighting       | |  1.1
Spellcasting   | |  2.1
Transmutations | |  2.2

Action                   || total
-------------------------++-------
Melee: Unarmed           ||    93
       Tailslap          ||    10
       Kick              ||     4
 Cast: Beastly Appendage ||    10
 Stab: Sleeping          ||     1
Armor: Skin              ||    17
Dodge: Dodged            ||    54
